Map: Nightshade LE

Players

sOs - Winner!

  • Race: Protoss Protoss
  • Spawn Location: 11:00

Cure

  • Race: Terran Terran
  • Spawn Location: 5:00

Event: IEM Katowice 2020

VOD

Have the link to the VOD?

Description

Time

  • Played on: Feb. 28, 2020, 2:18 p.m.
  • Length: 9:55

All games in this series

Show
View Real Time Build Order
Export as new Build Order

sOs Protoss - Winner!

Build Orders: 1 Gate Expand, Phoenix Opening, Blink Stalkers 

Get SALT Encoding   

  12  0:00  Probe  
  13  0:12  Probe  
  14  0:17  Pylon  
  14  0:25  Probe (Chrono Boost)  
  15  0:37  Probe (Chrono Boost), Gateway  
  16  0:44  Probe (Chrono Boost)  
  16  0:47  Assimilator  
  17  0:51  Probe  
  18  1:03  Probe  
  19  1:15  Probe  
  20  1:25  Cybernetics Core  
  20  1:34  Probe, Nexus  
  21  1:41  Pylon  
  21  1:46  Probe  
  22  1:52  Assimilator  
  22  1:59  Probe, Warp Gate (Chrono Boost), Adept (Chrono Boost)  
  25  2:11  Probe  
  26  2:22  Stalker  
  28  2:23  Probe  
  28  2:29  Gateway  
  29  2:35  Probe  
  30  2:46  Probe  
  30  2:47  Probe  
  30  2:50  Pylon  
  32  2:52  Stalker  
  35  2:58  Probe  
  35  3:02  Twilight Council  
  35  3:04  Probe  
  36  3:12  Probe  
  37  3:17  Probe  
  37  3:29  Probe x2  
  37  3:31  Blink (Chrono Boost)  
  39  3:37  Probe  
  39  3:41  Probe, Sentry, Stalker  
  40  3:45  Probe  
  43  3:53  Probe  
  43  3:54  Phoenix  
  45  3:57  Nexus  
  45  3:58  Probe  
  46  4:04  Stalker  
  46  4:05  Probe  
  46  4:06  Stalker  
  51  4:11  Pylon  
  51  4:18  Probe x2  
  51  4:21  Pylon  
  53  4:31  Stalker x2  
  57  4:33  Pylon  
  57  4:37  Probe x2  
  59  4:44  Pylon  
  59  4:47  Robotics Facility  
  59  4:49  Probe x2  
  61  4:54  Shield Battery  
  61  5:04  Probe, Shield Battery  
  61  5:05  Probe  
  61  5:06  Charge (Chrono Boost)  
  63  5:08  Gateway x2  
  63  5:11  Gateway  
  63  5:20  Gateway  
  63  5:23  Gateway  
  63  5:27  Gateway  
  63  5:35  Observer (Chrono Boost)  
  63  5:37  Stalker x2  
  67  5:43  Probe x2  
  67  5:44  Phoenix  
  69  5:50  Forge  
  69  5:51  Observer (Chrono Boost)  
  69  5:54  Probe  
  69  5:55  Probe  
  69  5:56  Forge  
  70  6:03  Stalker  
  71  6:08  Warp Prism (Chrono Boost)  
  71  6:15  Zealot x4  
  81  6:21  Zealot x2  
  81  6:24  Zealot  
  87  6:26  Pylon  
  87  6:28  Probe  
  88  6:32  Zealot  
  90  6:40  Zealot  
  90  6:44  Pylon  
  92  6:47  Protoss Ground Armor Level 1 (Chrono Boost)  
  92  6:48  Protoss Ground Weapons Level 1 (Chrono Boost)  
  92  6:59  Zealot x4  
  92  7:01  Pylon  
  100  7:03  Zealot x4  
  106  7:10  Probe x2  
  106  7:11  Probe  
  106  7:12  Observer (Chrono Boost)  
  96  7:22  Zealot x3  
  82  7:33  Zealot  
  82  7:36  Stalker x3  
  88  7:40  Probe x2  
  88  7:41  Probe  
  91  7:46  Stalker  
  91  7:50  Stalker  
  91  7:53  Zealot, Observer  
  91  7:54  Zealot  
  91  7:56  Probe  
  96  8:07  Probe, Assimilator  
  97  8:20  Observer  
  97  8:21  Zealot  
  97  8:22  Sentry, Zealot x5  
  97  8:25  Pylon  
  111  8:35  Robotics Bay  
  111  8:43  Probe x3  
  111  8:44  Zealot x3  
  111  8:45  Zealot  
  122  8:48  Stalker  
  116  8:58  Probe x2  
  116  8:59  Probe  
  116  9:00  Pylon  
  117  9:20  Sentry  
  119  9:27  Stalker  
  119  9:29  Observer  
  109  9:44  Assimilator, Zealot x7  
Show
View Real Time Build Order
Export as new Build Order

Cure Terran 

Build Orders: Gas First Reaper Expand, Banshee Rush 

Get SALT Encoding   

  12  0:00  SCV  
  13  0:12  SCV  
  14  0:16  Supply Depot  
  14  0:24  SCV  
  14  0:27  Refinery  
  15  0:38  SCV  
  16  0:43  Barracks  
  16  0:50  SCV  
  17  1:02  SCV  
  18  1:14  SCV  
  19  1:30  Orbital Command  
  19  1:31  Reaper  
  20  1:44  Command Center  
  20  1:55  SCV  
  20  1:59  Factory  
  21  2:04  Barracks Reactor  
  21  2:08  SCV  
  22  2:14  Supply Depot  
  22  2:17  Refinery  
  22  2:20  SCV  
  23  2:35  SCV  
  24  2:41  Marine x2  
  24  2:43  Hellion  
  28  2:45  Starport  
  28  2:47  SCV  
  29  2:56  Orbital Command  
  29  2:59  SCV  
  29  3:00  Marine  
  29  3:04  Marine  
  32  3:09  Widow Mine  
  32  3:12  SCV  
  35  3:20  Bunker  
  35  3:23  Marine x2  
  35  3:26  SCV  
  38  3:32  Factory Tech Lab  
  38  3:34  Starport Tech Lab  
  38  3:35  SCV  
  38  3:38  SCV  
  39  3:43  Marine x2, Supply Depot  
  41  3:50  SCV x2  
  43  3:56  Cloaking Field  
  43  3:58  Banshee  
  46  4:07  SCV, Supply Depot  
  46  4:08  SCV  
  48  4:15  Marine x2  
  50  4:20  SCV x2  
  52  4:28  Siege Tank  
  52  4:30  Supply Depot  
  55  4:33  Marine x2  
  55  4:37  SCV x2  
  59  4:42  Banshee  
  62  4:52  SCV x2, Supply Depot  
  64  4:53  Marine x2, Supply Depot  
  66  5:02  Siege Tank  
  66  5:04  SCV  
  70  5:09  Supply Depot  
  70  5:13  Marine x2  
  70  5:14  SCV  
  73  5:16  SCV  
  74  5:25  Banshee, Command Center  
  74  5:26  SCV  
  78  5:28  SCV  
  78  5:34  Marine x2  
  78  5:35  Siege Tank  
  82  5:38  SCV  
  82  5:40  SCV  
  82  5:41  Supply Depot  
  83  5:50  SCV  
  83  5:52  SCV, Barracks  
  83  5:54  Barracks  
  83  5:55  Refinery  
  83  5:56  Refinery  
  85  6:02  SCV, Engineering Bay  
  86  6:04  Engineering Bay  
  86  6:05  SCV  
  86  6:10  Siege Tank  
  88  6:14  SCV  
  88  6:15  Starport Reactor  
  88  6:17  SCV  
  88  6:18  Marine, Stimpack  
  92  6:32  SCV  
  92  6:33  SCV  
  92  6:35  Marine  
  92  6:36  Barracks  
  92  6:37  Barracks  
  94  6:47  SCV x2  
  94  6:52  Marine x2  
  94  6:53  Combat Shield, Factory Reactor, Marauder  
  102  6:54  Marauder  
  102  6:58  Orbital Command  
  102  7:00  Supply Depot  
  102  7:03  SCV, Medivac  
  102  7:04  SCV  
  97  7:19  Marine x2, Marauder x2  
  97  7:21  SCV  
  97  7:22  SCV  
  82  7:26  Marine x2  
  70  7:30  Widow Mine x2  
  65  7:37  Marine x2  
  65  7:40  Marine x2, Medivac x2  
  61  7:46  Orbital Command  
  56  7:55  Marine x2  
  59  7:58  Marauder  
  59  7:59  Marauder  
  59  8:01  Widow Mine  
  59  8:02  Concussive Shells, Widow Mine  
  59  8:05  SCV  
  61  8:11  Bunker  
  61  8:14  Orbital Command  
  61  8:17  Marine, Supply Depot  
  61  8:18  Barracks Tech Lab  
  64  8:20  Marauder x2  
  64  8:21  Barracks Reactor  
  64  8:23  Medivac  
  64  8:27  Supply Depot, Engineering Bay  
  68  8:29  Supply Depot  
  68  8:34  Widow Mine x2  
  72  8:40  Supply Depot  
  72  8:42  Marauder  
  72  8:46  Marauder  
  76  8:52  Marine  
  76  8:53  Marauder  
  76  8:54  Marine  
  78  9:03  Marine  
  79  9:14  Marine x4  
  79  9:15  Marauder x2  
  80  9:20  Marine  
  75  9:32  Marine, Widow Mine  

Tags
 
Add a new tag
Caveats
  • Supply blocks, unpowered buildings, or Contaminate may cause inaccurate times.
  • Supply counts are checked every 10 seconds.